AoeStats
← rateezy

Fortress

509147033Analyzed
4v4 RM · 6d ago on Sep 25, 2026· 46m 13s· 8 players
Game mode
Random Map
Map size
Huge
Population
200
Speed
Normal
Resources
Standard
Victory
Conquest
Starting age
Dark Age
Ending age
Imperial Age
RankedLock teamsTeams togetherTeam positionsShared explorationLock speedFull tech treeHidden civsTurbo modeCheats
Victory
Defeat
🇨🇳 Vietnamese · China
1299
+15
🇧🇷 Huns · Brazil
1290
+15
🇫🇷 Persians · France
1265
+16
🇦🇷 Franks · Argentina
1257
+16
🇮🇳 Jurchens · India
1321
-17
🇹🇼 Danes · Taiwan
1309
-17
🇨🇳 Spanish · China
1224
-14
🇦🇷 Turks · Argentina
1220
-14
Sahraoui
7:58 Feudal Age
11:48 Castle Age
10:33 Double-Bit Axe
10:36 Horse Collar
12:19 Wheelbarrow
13:08 Bow Saw
12:46 Loom
20:55 Heavy Plow
20:43 Town Watch
21:40 Gold Mining
21:42 Stone Mining
22:10 Hand Cart
23:16 Gold Shaft Mining
23:19 Stone Shaft Mining
24:47 Town Patrol
27:18 Imperial Age
26:15 Forging
26:10 Scale Barding Armor
27:37 Bloodlines
27:27 Husbandry
28:06 Iron Casting
26:59 Elite War Elephant
28:00 Conscription
30:12 Blast Furnace
29:37 Chain Barding Armor
33:43 Hoardings
35:35 Plate Barding Armor
36:14 Kamandaran
36:24 Fletching
36:37 Padded Archer Armor
37:41 Chemistry
37:03 Ballistics
36:50 Crossbowman
37:36 Thumb Ring
38:43 Hoardings
39:53 Two-Man Saw
39:00 Bodkin Arrow
39:22 Leather Archer Armor
38:30 Pikeman
39:11 Squires
38:57 Arson
43:18 Masonry
43:04 Murder Holes
MattVini
2:26 Loom
8:31 Feudal Age
9:23 Horse Collar
9:32 Double-Bit Axe
13:37 Castle Age
12:15 Gold Mining
13:03 Wheelbarrow
14:52 Bow Saw
15:23 Gold Shaft Mining
14:43 Stone Mining
15:51 Heavy Plow
22:32 Hand Cart
23:31 Gold Shaft Mining
24:23 Fletching
24:34 Padded Archer Armor
27:58 Imperial Age
28:46 Ballistics
29:08 Parthian Tactics
28:20 Crossbowman
28:23 Heavy Cavalry Archer
30:00 Bloodlines
29:51 Husbandry
31:49 Heavy Cavalry Archer
32:35 Bodkin Arrow
32:56 Leather Archer Armor
32:11 Heavy Cavalry Archer
33:39 Bracer
36:57 Crossbowman
41:54 Scale Barding Armor
43:58 Chemistry
Faustino
8:12 Feudal Age
9:40 Double-Bit Axe
9:36 Horse Collar
12:21 Castle Age
11:29 Loom
12:28 Gold Mining
12:46 Fletching
12:56 Padded Archer Armor
13:31 Bodkin Arrow
16:43 Bow Saw
24:16 Leather Archer Armor
26:09 Wheelbarrow
35:43 Imperial Age
33:12 Pikeman
34:12 Heavy Plow
36:01 Ballistics
36:28 Bracer
38:25 Chemistry
38:03 Squires
37:49 Pikeman
38:30 Scale Mail Armor
39:01 Hand Cart
40:01 Chain Mail Armor
40:16 Forging
41:08 Halberdier
44:50 Plate Mail Armor
46:25 Iron Casting
46:17 Arson
Nightmare
6:43 Feudal Age
rateezy
8:29 Feudal Age
12:18 Castle Age
11:11 Wheelbarrow
10:53 Double-Bit Axe
11:02 Horse Collar
13:20 Bow Saw
13:11 Heavy Plow
19:07 Hand Cart
18:39 Loom
18:39 Town Watch
19:00 Gold Mining
20:24 Gold Shaft Mining
24:29 Imperial Age
22:36 Scale Barding Armor
22:41 Forging
23:57 Bloodlines
23:51 Husbandry
24:14 Chain Barding Armor
25:21 Iron Casting
24:33 Elite Steppe Lancer
25:50 Plate Barding Armor
25:39 Conscription
27:22 Blast Furnace
26:12 Fletching
37:29 Two-Man Saw
37:00 Crop Rotation
36:31 Town Patrol
36:14 Treadmill Crane
36:45 Masonry
36:30 Murder Holes
36:56 Ballistics
39:23 Stone Mining
40:05 Architecture
39:40 Siege Engineers
39:46 Fortified Wall
40:37 Chemistry
39:28 Guard Tower
39:23 Arrowslits
39:32 Fletching
44:26 Bodkin Arrow
45:18 Keep
45:14 Bracer
1
8:01 Feudal Age
murphykz2322
我很牛逼
4:50 Loom
9:14 Feudal Age
10:50 Double-Bit Axe
11:07 Horse Collar
13:38 Castle Age
16:16 Forging
16:11 Scale Barding Armor
16:16 Forging
18:01 Heavy Plow
18:41 Bow Saw
20:23 Iron Casting
21:40 Chain Barding Armor
26:21 Husbandry
33:01 Bloodlines
36:45 Imperial Age
34:51 Wheelbarrow
36:55 Cavalier
37:58 Supremacy
37:58 Conscription
39:20 Plate Barding Armor
39:45 Blast Furnace
39:20 Plate Barding Armor
39:45 Blast Furnace
39:52 Chemistry
40:21 Two-Man Saw
39:06 Paladin
40:27 Paladin
41:33 Bombard Tower
41:55 Scale Mail Armor
41:54 Pikeman
42:35 Squires
42:22 Arson
42:25 Gambesons
42:33 Halberdier
43:56 Chain Mail Armor
43:55 Fortified Wall
44:06 Ballistics
46:14 Plate Mail Armor
Connection lost

Rejoining the realm…

Still unreachable

The connection could not be restored.

Session expired

The server has moved on; the page needs a fresh start.